 Dungeon Crawl Stone Soup version 0.17.0 (webtiles) character file.

62384 Eucla the Severer (level 14, -1/130 HPs)
             Began as a Minotaur Gladiator on Nov 11, 2015.
             Was the Champion of Okawaru.
             Slain by a death yak (5 damage)
             ... on level 8 of the Lair of Beasts.
             The game lasted 00:27:03 (18698 turns).

Eucla the Severer (Minotaur Gladiator)             Turns: 18698, Time: 00:27:03

Health: -1/130     AC: 18    Str: 31      XL:     14   Next: 64%
Magic:  13/13      EV:  2    Int:  4 (5)  God:    Okawaru [******]
Gold:   1253       SH:  0    Dex: 20      Spells: 0 memorised, 13 levels left

rFire  . . .     SeeInvis .     g - +1 battleaxe "Qagiogh" {chop, *Noise +Rage Str+6 Dex+4}
rCold  + . .     Clarity  .     P - +0 scale mail {rC+}
rNeg   + + +     SustAt   .     (shield currently unavailable)
rPois  ∞         Gourm    .     c - +1 hat
rElec  .         Spirit   .     (no cloak)
rCorr  .         Warding  .     u - +3 pair of gauntlets of War {Slay+5}
rMut   .         Stasis   .     y - +0 pair of boots
MR     +....                    z - amulet of faith
Stlth  +.........               S - +6 ring of evasion
                                C - +5 ring of strength

@: petrified, somewhat resistant to hostile enchantments, very unstealthy
A: retaliatory headbutt, horns 2, icy blue scales 1, breathe flames 1, poison
resistance, shaggy fur 1, evolution 1
a: Heroism, Finesse, Renounce Religion, Breathe Fire, Evoke Berserk Rage


You were on level 8 of the Lair of Beasts.
You worshipped Okawaru.
Okawaru was exalted by your worship.
You were not hungry.

You visited 2 branches of the dungeon, and saw 17 of its levels.
You also visited: Ossuary.

You collected 1349 gold pieces.
You spent 96 gold pieces at shops.

Inventory:

Hand Weapons
 g - the +1 battleaxe "Qagiogh" (weapon) {chop, *Noise +Rage Str+6 Dex+4}
   (You acquired it on level 7 of the Lair of Beasts)

   It inflicts extra damage upon your enemies.
   It affects your strength (+6).
   It affects your dexterity (+4).
   It lets you go berserk.
   It may make noises in combat.
Armour
 c - a +1 hat (worn)
 u - the +3 pair of gauntlets of War (worn) {Slay+5}
   (Okawaru gifted it to you on level 5 of the Lair of Beasts)

   It affects your accuracy and damage with ranged weapons and melee attacks
   (+5).
 y - a +0 pair of boots (worn)
 P - a +0 scale mail of cold resistance (worn)
Jewellery
 f - an uncursed ring of ice
 h - an uncursed ring of see invisible
 z - an amulet of faith (around neck)
 C - a +5 ring of strength (left hand)
 L - an uncursed ring of protection from fire
 S - a +6 ring of evasion (right hand)
 U - a cursed -3 ring of evasion
 X - an uncursed ring of protection from magic
Wands
 E - a wand of cold (15)
 Y - a wand of digging (6)
Scrolls
 a - a scroll of identify
 n - 2 scrolls of enchant weapon
 p - 3 scrolls of fear
 s - 2 scrolls of remove curse
 D - 2 scrolls of enchant armour
 K - 2 scrolls of teleportation
 O - 2 scrolls of fog
 R - a scroll of blinking
 T - 7 scrolls of recharging
 W - a scroll of magic mapping
Potions
 l - a potion of heal wounds
 m - 8 potions of brilliance
 o - 5 potions of haste
 t - 12 potions of curing
 x - 4 potions of flight
 A - 2 potions of agility
 B - 3 potions of resistance
 F - 4 potions of might
 N - 2 potions of berserk rage
 Z - 2 potions of cure mutation
Comestibles
 b - 2 meat rations
 d - 2 chunks of flesh
 e - 6 bread rations
 V - a slice of pizza


   Skills:
 + Level 13.6 Fighting
 + Level 19.0 Axes
 - Level 2.0 Throwing
 + Level 13.0 Armour
 + Level 12.4 Dodging


You had 13 spell levels left.
You didn't know any spells.

Dungeon Overview and Level Annotations

Branches:
Dungeon (9/15)             Temple (0/1) D:7            Lair (8/8) D:9
  Swamp (0/4) Lair:4       Spider (0/4) Lair:3        Slime (0/6) Lair:6
    Orc (0/4) D:9

Altars:
Ashenzari
Cheibriados
Dithmenos
Elyvilon
Gozag
Nemelex Xobeh
Okawaru
Ru
Sif Muna
Trog
Xom
Yredelemnul
Zin
Jiyva

Shops:
D:7 (


Innate Abilities, Weirdness & Mutations

You reflexively headbutt those who attack you in melee.
You have a pair of horns on your head.
You are partially covered in icy blue scales (AC +1).
You can breathe flames.
Your system is resistant to poisons.
You are covered in fur (AC +1).
You evolve.


Message History

* * * LOW HITPOINT WARNING * * *
The catoblepas gores you.
* * * LOW HITPOINT WARNING * * *
The death yak gores you!
* * * LOW HITPOINT WARNING * * *
The catoblepas gores you!
* * * LOW HITPOINT WARNING * * *
The death yak barely misses you.
The catoblepas breathes a plume of calcifying dust at you.
The blast of calcifying dust hits you!
* * * LOW HITPOINT WARNING * * *
You are engulfed in calcifying dust.
The death yak gores you. The catoblepas gores you!
* * * LOW HITPOINT WARNING * * *
You are engulfed in calcifying dust.
The death yak gores you!
* * * LOW HITPOINT WARNING * * *
The catoblepas breathes a plume of calcifying dust at you.
The blast of calcifying dust hits you!
You are engulfed in calcifying dust.
The death yak gores you!
You die...

## ###.
#####P..##
.......♣.# #
##....P# ##
#.÷...# .#
#...§#Y## ##
#.....§#Y@##
#
.÷.....##..##
8...... #P..#
...##.Y #...#
T## #.. #..♣#
#.. #...#
#..## ##..#
#†..#


You could see a death yak and a catoblepas.

Vanquished Creatures
  Kirke (Lair:7)
  Snorg (Lair:8)
  5 hydras
  The ghost of Ark the Covert, a journeyman KoBe of Trog (Lair:4)
  3 death yaks (Lair:8)
  A queen ant (Lair:8)
  A fire crab (Lair:8)
  A manticore (D:9)
  7 elephants
  3 torpor snails (Lair:2)
  8 komodo dragons
  5 black mambas
  10 spiny frogs
  A fire drake (Lair:8)
  2 polar bears
  Grinder (D:4)
  11 blink frogs
  56 yaks
  4 hogs (Lair:7)
  10 hippogriffs
  3 basilisks
  A wyvern (D:8)
  Menkaure (D:5)
  3 wargs (D:9)
  6 swamp worms (Lair:4)
  Edmund (D:4)
  12 wolves
  13 water moccasins
  20 soldier ants (Lair:8)
  A sky beast (D:8)
  11 porcupines
  3 ice beasts
  2 wasps
  A black bear (D:8)
  2 phantoms
  2 ogres
  A necrophage (D:8)
  2 centaurs
  11 crocodiles
  6 big kobolds
  A brain worm (Lair:8)
  2 gnoll sergeants
  5 water moccasin zombies
  17 giant frogs
  A water moccasin skeleton (D:6)
  2 scorpions
  8 killer bees (D:9)
  5 electric eels
  A giant frog zombie (D:5)
  A hound (D:5)
  10 wights
  3 orc priests
  A gnoll shaman (D:5)
  2 crimson imps
  2 jellies (D:5)
  A centaur skeleton (D:4)
  2 giant frog skeletons
  Natasha (D:4)
  6 iguanas
  8 orc wizards
  27 worker ants
  A big kobold zombie (Ossuary)
  18 sheep (Lair:4)
  3 mummies
  A worker ant zombie (D:8)
  24 river rats
  21 gnolls
  7 adders
  2 shadow imps
  An ooze (D:3)
  3 adder skeletons
  4 adder zombies (Ossuary)
  10 worms
  5 giant geckos
  22 orcs
  3 ball pythons
  12 hobgoblins
  7 jackals
  63 kobolds
  5 quokkas
  6 bats
  8 giant cockroaches
  11 giant newts
  5 gnoll zombies
  20 goblins
  2 hobgoblin zombies (Ossuary)
  A jackal skeleton (D:9)
  9 kobold zombies (Ossuary)
  5 orc zombies (Ossuary)
  A quokka skeleton (D:5)
  A quokka zombie (D:6)
  11 rats
  3 fungi
  5 plants
640 creatures vanquished.

Vanquished Creatures (others)
  A human (Lair:8)
  8 fungi
  8 plants
17 creatures vanquished.

Grand Total: 657 creatures vanquished

Notes
Turn   | Place    | Note
--------------------------------------------------------------
     0 | D:1      | Eucla the Minotaur Gladiator began the quest for the Orb.
     0 | D:1      | Reached XP level 1. HP: 18/18 MP: 0/0
   196 | D:1      | Reached XP level 2. HP: 25/25 MP: 1/1
   513 | D:1      | Reached skill level 4 in Axes
   913 | D:1      | Reached skill level 1 in Armour
   993 | D:2      | Reached XP level 3. HP: 16/31 MP: 2/2
  1162 | D:2      | Found a faded altar to an unknown god.
  1184 | D:2      | Became a worshipper of Warmaster Okawaru
  1184 | D:2      | Reached * piety under Okawaru
  1832 | D:2      | Reached XP level 4. HP: 38/38 MP: 3/3
  2034 | D:3      | Found a shattered altar of Ashenzari.
  2742 | D:4      | Reached XP level 5. HP: 33/46 MP: 1/4
  2792 | D:4      | Reached ** piety under Okawaru
  2792 | D:4      | Reached skill level 5 in Axes
  2838 | D:4      | Found a bloodstained altar of Trog.
  2949 | D:4      | Reached XP level 6. HP: 33/53 MP: 5/5
  3222 | D:4      | Noticed Grinder
  3224 | D:4      | Paralysed by Grinder for 2 turns
  3233 | D:4      | Killed Grinder
  3233 | D:4      | Reached skill level 5 in Fighting
  3233 | D:4      | Reached skill level 5 in Dodging
  3515 | D:4      | Noticed Edmund
  3581 | D:4      | Killed Edmund
  3581 | D:4      | Reached XP level 7. HP: 61/61 MP: 3/6
  3621 | D:4      | Noticed Natasha
  3630 | D:4      | Killed Natasha
  3666 | D:4      | Reached *** piety under Okawaru
  3679 | D:4      | Reached skill level 6 in Axes
  3770 | D:4      | Found a deep blue altar of Sif Muna.
  3883 | D:5      | Entered Level 5 of the Dungeon
  3965 | D:5      | Noticed Menkaure
  3975 | D:5      | Killed Menkaure
  3975 | D:5      | Reached skill level 5 in Armour
  4181 | D:5      | Reached XP level 8. HP: 68/70 MP: 7/7
  4647 | D:5      | Reached skill level 7 in Axes
  4934 | D:5      | Received a gift from Okawaru
  5130 | D:5      | Found a shimmering altar of Xom.
  5150 | D:5      | Found a shadowy altar of Dithmenos.
  5202 | D:5      | Found a sparkling altar of Nemelex Xobeh.
  5202 | D:5      | Found a bloodstained altar of Trog.
  5218 | D:5      | Found a white marble altar of Elyvilon.
  5713 | D:6      | Reached XP level 9. HP: 71/80 MP: 8/8
  5774 | D:6      | Reached **** piety under Okawaru
  5791 | D:6      | Reached skill level 8 in Fighting
  5943 | D:6      | Found a sand-covered staircase.
  5950 | Ossuary  | Entered an ossuary
  6458 | Ossuary  | Reached skill level 14 in Axes
  6458 | Ossuary  | Reached XP level 10. HP: 83/90 MP: 9/9
  7212 | D:7      | Found a staircase to the Ecumenical Temple.
  7314 | D:7      | Found Ryeduw's Antique Weapon Shoppe.
  7331 | D:7      | Bought a glowing hand axe for 96 gold pieces
  7420 | D:7      | Received a gift from Okawaru
  7809 | D:8      | Found a sacrificial altar of Ru.
  8307 | D:8      | Found an iron altar of Okawaru.
  8372 | D:8      | You fall through a shaft!
  8508 | D:9      | Found a staircase to the Orcish Mines.
  8531 | D:9      | Found a staircase to the Lair.
  8547 | D:9      | Received a gift from Okawaru
  8550 | D:9      | Reached XP level 11. HP: 77/97 MP: 7/10
  8842 | D:8      | Found a glowing silver altar of Zin.
  8986 | D:9      | Found a snail-covered altar of Cheibriados.
  9057 | D:9      | Found a basalt altar of Yredelemnul.
  9185 | D:9      | Noticed a manticore
  9196 | D:9      | Killed a manticore
  9196 | D:9      | Reached skill level 15 in Axes
  9364 | D:9      | Found an opulent altar of Gozag.
  9434 | Lair:1   | Entered Level 1 of the Lair of Beasts
  9515 | Lair:1   | Reached ***** piety under Okawaru
  9515 | Lair:1   | Received a gift from Okawaru
  9605 | Lair:1   | Reached skill level 10 in Fighting
 10419 | Lair:2   | Gained mutation: You are partially covered in icy blue scales (AC +1). [potion of beneficial mutation]
 10420 | Lair:2   | Gained mutation: Your system is resistant to poisons. [potion of beneficial mutation]
 10421 | Lair:2   | Gained mutation: You are covered in fur (AC +1). [potion of beneficial mutation]
 10422 | Lair:2   | Gained mutation: You evolve. [potion of beneficial mutation]
 10618 | Lair:2   | Reached skill level 10 in Armour
 10950 | Lair:2   | Found a snail-covered altar of Cheibriados.
 11293 | Lair:2   | Reached XP level 12. HP: 98/108 MP: 11/11
 11588 | Lair:3   | Reached skill level 10 in Dodging
 11649 | Lair:3   | Reached skill level 17 in Axes
 11649 | Lair:3   | Reached XP level 13. HP: 115/115 MP: 12/12
 11695 | Lair:3   | Found a hole to the Spider Nest.
 11832 | Lair:3   | Received a gift from Okawaru
 12546 | Lair:4   | Noticed Ark's ghost (journeyman KoBe)
 12581 | Lair:4   | Killed Ark's ghost
 12590 | Lair:4   | Reached skill level 18 in Axes
 12940 | Lair:4   | Gained mutation: You can breathe flames. [evolution]
 13326 | Lair:4   | Found a staircase to the Swamp.
 13464 | Lair:4   | Found a glowing silver altar of Zin.
 13695 | Lair:5   | Received a gift from Okawaru
 15230 | Lair:6   | Found a viscous altar of Jiyva.
 15230 | Lair:6   | Found a staircase to the Slime Pits.
 15616 | Lair:7   | Found a shadowy altar of Dithmenos.
 15774 | Lair:7   | Noticed Kirke
 15775 | Lair:7   | Noticed a sphinx
 16126 | Lair:7   | Reached XP level 14. HP: 97/127 MP: 10/13
 16446 | Lair:7   | Identified a scroll of acquirement
 16449 | Lair:7   | Got a translucent battleaxe
 16450 | Lair:7   | Identified the +1 battleaxe "Qagiogh" {chop, *Noise +Rage Str+6 Dex+4} (You acquired it on level 7 of the Lair of Beasts)
 17311 | Lair:7   | Killed Kirke
 17311 | Lair:7   | Received a gift from Okawaru
 17582 | Lair:8   | Entered Level 8 of the Lair of Beasts
 17651 | Lair:8   | Reached ****** piety under Okawaru
 17667 | Lair:8   | Received a gift from Okawaru
 17785 | Lair:8   | Received a gift from Okawaru
 18362 | Lair:8   | Noticed Snorg
 18369 | Lair:8   | Killed Snorg
 18652 | Lair:8   | Reached skill level 19 in Axes
 18697 | Lair:8   | HP: 4/130 [death yak (6)]
 18698 | Lair:8   | Slain by a death yak

Action                   |  1- 3 |  4- 6 |  7- 9 | 10-12 | 13-15 || total
-------------------------+-------+-------+-------+-------+-------++-------
Melee: War axe           |   105 |   127 |   284 |   369 |   415 ||  1300
       Unarmed           |       |     4 |     4 |       |    55 ||    63
       Battleaxe         |       |       |       |       |   188 ||   188
Invok: Heroism           |       |     2 |     3 |     3 |     7 ||    15
  Use: Potion            |       |       |     4 |     6 |     4 ||    14
       Scroll            |       |       |    12 |    11 |    14 ||    37
 Stab: Sleeping          |       |     1 |       |       |       ||     1
  Eat: Chunk             |     3 |     6 |       |    11 |     2 ||    22
       Meat ration       |       |       |     2 |     1 |       ||     3
       Fruit             |       |       |       |     1 |    11 ||    12
       Beef jerky        |       |       |       |     1 |       ||     1
       Royal jelly       |       |       |       |       |     2 ||     2
       Bread ration      |       |       |       |       |     1 ||     1
       Pizza             |       |       |       |       |     1 ||     1
